 Dungeon Sprint DCSS version 0.26.1-11-gd32895ea62 (webtiles) character file.

Game seed: 11508963110388459418

1189 nothank2 the Blocker (level 8, 0/82 HPs)
             Began as a Minotaur Fighter on July 10, 2021.
             Was an Initiate of Wu Jian.
             Slain by a deep troll (12 damage)
             ... in the Dungeon (Sprint I: "Red Sonja").
             The game lasted 00:03:33 (755 turns).

nothank2 the Blocker (Minotaur Fighter)              Turns: 755, Time: 00:03:33

Health: 0/82       AC:  9    Str: 23    XL:     8   Next: 19%
Magic:  7/7        EV: 10    Int:  5    God:    Wu Jian [......]
Gold:   344        SH: 12    Dex: 10    Spells: 7/7 levels left

rFire    . . .     SeeInvis .   a - +0 long sword
rCold    . . .     Faith    .   c - +0 kite shield
rNeg     . . .     Spirit   .   b - +0 scale mail
rPois    +         Reflect  .   (helmet restricted)
rElec    .         Harm     .   (no cloak)
rCorr    .         Rampage  .   (no gloves)
Will     .....     NoTele   +   (no boots)
Stlth    ..........             (no amulet)
HPRegen  0.23/turn              l - ring of poison resistance
MPRegen  0.10/turn              (no ring)

@: no status effects
A: retaliatory headbutt, horns 2
a: Renounce Religion


You were in the Dungeon.
You worshipped Wu Jian.
Wu Jian was noncommittal.
You visited 1 branch You collected 544 gold pieces.
You spent 200 gold pieces at shops.

Inventory:

Hand Weapons
 a - a +0 long sword (weapon)
Missiles
 f - 8 curare-tipped darts (quivered)
Armour
 b - a +0 scale mail (worn)
 c - a +0 kite shield (worn)
Jewellery
 l - a ring of poison resistance (left hand)
Wands
 k - a wand of flame (19)
Scrolls
 j - a scroll of blinking
Potions
 d - a potion of might
 e - a potion of curing
 g - a potion of haste
 h - 2 potions of magic
 i - a potion of berserk rage


   Skills:
 + Level 11.3 Fighting
 + Level 9.4 Long Blades
 + Level 11.6 Armour
 + Level 3.0 Dodging
 + Level 11.8 Shields


You had 7 spell levels left.
You didn't know any spells.
Your spell library was empty.

Dungeon Overview and Level Annotations

Branches:
Dungeon (1/1)

Altars:
Cheibriados
Dithmenos
Elyvilon
Fedhas
Gozag
Hepliaklqana
Kikubaaqudgha
Makhleb
Nemelex Xobeh
Okawaru
Qazlal
Ru
Sif Muna
Trog
Uskayaw
Vehumet
Wu Jian
Xom
Yredelemnul
Zin
The Shining One
Jiyva
Lugonu

Shops:
D [=


Innate Abilities, Weirdness & Mutations

You reflexively headbutt those who attack you in melee.
You have a pair of horns on your head.


Message History

You block the deep troll's attack.
You barely miss the deep troll. Your headbutt misses the deep troll.
The deep troll is severely wounded.
You block the deep troll's attack. The deep troll closely misses you.
The deep troll misses you.
You hit the deep troll. Your headbutt misses the deep troll.
The deep troll is severely wounded.
You block the deep troll's attack. x2; The deep troll claws you!
You hit the deep troll but do no damage.
The deep troll is severely wounded.
The deep troll completely misses you. The deep troll claws you!
You block the deep troll's attack.
You barely miss the deep troll.
The deep troll is severely wounded.
You hit the deep troll. Your headbutt misses the deep troll.
The deep troll is severely wounded.
The deep troll bites you!
* * * LOW HITPOINT WARNING * * *
The deep troll barely misses you. The deep troll claws you!
You die...

#..#####'#####'#__####
#..####..#...#.####§§#
#..#__####..##.#§§§§c
#..#_____##'#_.§§§§§
#⌠⌠#_.∩...'...§#≈≈≈§c
####_..__##_.#'##+###
#_____###'#.#
############.####+###
#∩........'...@T$.$$+
###++++####...#######
##.## #+#


You could see a deep troll.

Vanquished Creatures
  Sonja (D)
  A slime creature (D)
  A yak (D)
  Sigmund (D)
  An ogre (D)
  A jelly (D)
  Ijyb (D)
7 creatures vanquished.

Notes
Turn   | Place    | Note
-------+----------+-------------------------------------------
     0 | D        | nothank2 the Minotaur Fighter began the quest for the Orb.
     0 | D        | Reached XP level 1. HP: 19/19 MP: 0/0
     1 | D        | Noticed Ijyb
     9 | D        | Killed Ijyb
    10 | D        | Reached skill level 5 in Fighting
    10 | D        | Reached skill level 5 in Armour
    10 | D        | Reached skill level 5 in Shields
    10 | D        | Reached XP level 2. HP: 22/29 MP: 1/1
    13 | D        | Noticed an ogre
    15 | D        | Killed an ogre
    16 | D        | Reached XP level 3. HP: 31/39 MP: 2/2
    16 | D        | Reached XP level 4. HP: 37/47 MP: 3/3
    27 | D        | Noticed Sigmund
    33 | D        | Killed Sigmund
    34 | D        | Reached skill level 5 in Long Blades
    34 | D        | Reached XP level 5. HP: 45/56 MP: 4/4
   104 | D        | Found a burning altar of Makhleb.
   104 | D        | Found a viscous altar of Jiyva.
   104 | D        | Found a shimmering altar of Xom.
   104 | D        | Found a corrupted altar of Lugonu.
   104 | D        | Noticed a slime creature
   111 | D        | Killed a slime creature
   112 | D        | Reached XP level 6. HP: 40/66 MP: 5/5
   253 | D        | Found an ornate altar of the Wu Jian Council.
   253 | D        | Found a shimmering blue altar of Sif Muna.
   255 | D        | Found a radiant altar of Vehumet.
   259 | D        | Reached skill level 10 in Fighting
   259 | D        | Reached skill level 10 in Armour
   259 | D        | Reached skill level 10 in Shields
   266 | D        | Became a worshipper of the Wu Jian Council
   286 | D        | Found Fataer's Jewellery Emporium.
   286 | D        | Found an ancient bone altar of Kikubaaqudgha.
   286 | D        | Found a hazy altar of Hepliaklqana.
   286 | D        | Found a stormy altar of Qazlal.
   286 | D        | Found a hide-covered altar of Uskayaw.
   286 | D        | Found a blossoming altar of Fedhas.
   286 | D        | Found a bloodstained altar of Trog.
   286 | D        | Found an iron altar of Okawaru.
   286 | D        | Found a basalt altar of Yredelemnul.
   286 | D        | Found a glowing golden altar of the Shining One.
   286 | D        | Found a snail-covered altar of Cheibriados.
   286 | D        | Found a sacrificial altar of Ru.
   286 | D        | Found a glowing silver altar of Zin.
   286 | D        | Found a shadowy altar of Dithmenos.
   286 | D        | Found a white marble altar of Elyvilon.
   286 | D        | Noticed a yak
   295 | D        | Killed a yak
   296 | D        | Reached XP level 7. HP: 49/73 MP: 6/6
   296 | D        | Found an opulent altar of Gozag.
   297 | D        | Found a sparkling altar of Nemelex Xobeh.
   301 | D        | Bought an uncursed ring of poison resistance for 200 gold
                  | pieces
   410 | D        | Noticed a centaur warrior
   412 | D        | Noticed Sonja
   450 | D        | Killed Sonja
   451 | D        | Reached XP level 8. HP: 20/82 MP: 7/7
   458 | D        | Noticed a centaur warrior
   724 | D        | Found Ufusi's Armour Boutique.
   744 | D        | Noticed a deep troll
   755 | D        | Slain by a deep troll

Illustrated notes

Levels and vault maps discovered:
D:        dungeon_sprint_1 [red_sonja_temple_1, red_sonja_temple_small_1]

Skill      XL: |  1  2  3  4  5  6  7 |
---------------+----------------------+-----
Fighting       | 5 7 8 9 10 11 | 11.3
Long Blades    | 3 4 5 7 9 |  9.4
Armour         | 5 6 8 9 10 11 | 11.6
Shields        | 5 6 8 9 10 11 | 11.8
Dodging        | 3 |  3.0

Action                   |  1- 3 |  4- 6 |  7- 9 || total
-------------------------+-------+-------+-------++-------
Melee: Long sword        |     8 |    23 |    28 ||    59
       Headbutt          |     1 |     6 |     1 ||     8
Invok: Lunge             |       |       |     2 ||     2
  Use: Potion            |       |       |     1 ||     1
Armor: Scale mail        |     2 |     4 |    25 ||    31
Dodge: Dodged            |     2 |     4 |    27 ||    33
Block: Kite shield       |     3 |     7 |    38 ||    48
       Rpst.: Long sword |     1 |     2 |     3 ||     6
